 Dungeon Crawl Stone Soup version 0.28-a0-1506-g3893175d92 (webtiles) character file.

Game seed: 3307214745801165604

8 cheechan the Chopper (level 2, 0/28 HPs)
             Began as a Naga Chaos Knight on Jan 13, 2022.
             Was a Plaything of Xom.
             Slain by a ball python (1 damage)
             ... on level 1 of the Dungeon.
             The game lasted 00:01:43 (256 turns).

cheechan the Chopper (Naga Chaos Knight)             Turns: 256, Time: 00:01:44

Health: 0/28       AC:  4    Str: 14    XL:     2   Next: 8%
Magic:  2/2        EV:  9    Int: 12    God:    Xom [..*...]
Gold:   0          SH:  0    Dex: 10    Spells: 1/1 levels left

rFire   . . .      SeeInvis +   a - +0 hand axe (chaos)
rCold   . . .      Faith    .   (no shield)
rNeg    . . .      Spirit   .   b - +2 leather armour
rPois   +          Reflect  .   (no helmet)
rElec   .          Harm     .   (no cloak)
rCorr   .          Rampage  .   (no gloves)
Will    .....                   (no barding)
Stlth   +.........              (no amulet)
HPRegen 0.09/turn               (no ring)
MPRegen 0.08/turn               (no ring)

@: very slow
A: AC +0, large, see invisible, deformed body, poison resistance, slowness 2,
spit poison 1, naga tail 1
a: Spit Poison, Renounce Religion


You were on level 1 of the Dungeon.
You worshipped Xom.
You were a toy of Xom.
You visited 1 branch of the dungeon, and saw 1 of its levels.

Inventory:

Hand Weapons
 a - a +0 hand axe of chaos (weapon)
Missiles
 c - 16 arrows
Armour
 b - a +2 leather armour (worn)
Magical Staves
 d - a staff of air


   Skills:
 + Level 3.1 Fighting
 + Level 3.3 Axes
 + Level 1.7 Armour
 + Level 0.7 Dodging


You had one spell level left.
You didn't know any spells.
Your spell library was empty.

Dungeon Overview and Level Annotations

Branches:
Dungeon (1/15)

Altars:


Innate Abilities, Weirdness & Mutations

Your serpentine skin is tough. (AC +0)
You have supernaturally acute eyesight. (SInv)
Armour fits poorly on your strangely shaped body.
Your system is resistant to poisons. (rPois)
You cover ground very slowly.
You can spit poison.
You have a snake-like lower body.


Message History

Found an escape hatch in the floor.
You see here a staff of air.
d - a staff of air A ball python comes into view.
The ball python hisses angrily.
A ball python comes into view.
An endoplasm comes into view.
The ball python bites you. x2; The ball python closely misses you.
A ball python comes into view.
The ball python hisses angrily.
A nearby plant withers and dies.
The ball python bites you but does no damage.
The endoplasm hits the plant.
The plant begins to die.
The ball python bites you.
* * * LOW HITPOINT WARNING * * *
The ball python closely misses you.
You hit the ball python but do no damage. x2
The ball python bites you but does no damage.
The endoplasm hits the plant.
The ball python bites you.
* * * LOW HITPOINT WARNING * * *
The ball python closely misses you.
The endoplasm hits the plant.
You hit the ball python. You burn the ball python.
You kill the ball python!
You barely miss the ball python. The ball python bites you.
* * * LOW HITPOINT WARNING * * *
The endoplasm hits the plant.
You hit the ball python.
The ball python is severely wounded.
The ball python bites you.
* * * LOW HITPOINT WARNING * * *
The endoplasm hits the plant.
The ball python bites you but does no damage.
You hit the ball python. You freeze the ball python.
You kill the ball python!
You barely miss the ball python.
A nearby plant withers and dies.
The ball python bites you.
* * * LOW HITPOINT WARNING * * *
You closely miss the ball python. The ball python bites you.
You die...
Xom yawns loudly!

♣≈PP ≈≈≈≈≈≈≈≈
≈≈≈ ≈≈≈≈≈≈≈≈ .
P♣≈ ♣≈≈≈≈≈≈
..♣♣≈≈♣♣≈≈≈≈≈
#####
.....≈P≈≈♣≈♣
#...
#.#...#..J♣ ♣
#.###
#.....S.†##.#
....#
........@....#
..#.#
..###..#>..####
..#.##......
##..# #......#
. ##.# ###.####
##.## #.# #...#
#.##### #...# #
#.....# #...#
######.#.#
#####...#####


You could see an endoplasm and a ball python.

Vanquished Creatures
  A bat (D:1)
  2 endoplasms (D:1)
  A quokka (D:1)
  2 ball pythons (D:1)
  A frilled lizard (D:1)
  A kobold (D:1)
8 creatures vanquished.

Vanquished Creatures (others)
  2 plants (D:1)
2 creatures vanquished.

Grand Total: 10 creatures vanquished

Notes
Turn   | Place    | Note
-------+----------+-------------------------------------------
     0 | D:1      | cheechan the Naga Chaos Knight began the quest for the Orb.
     0 | D:1      | Reached XP level 1. HP: 21/21 MP: 1/1
   107 | D:1      | Found a faded altar of an unknown god.
   149 | D:1      | XOM: silly message
   166 | D:1      | XOM: silly message
   212 | D:1      | Reached XP level 2. HP: 8/28 MP: 2/2
   255 | D:1      | HP: 1/28 [ball python (3)]
   256 | D:1      | Slain by a ball python

Illustrated notes

Levels and vault maps discovered:
D:1:      doesnt_arrival_eight_statues, layout_loops_cross,
          ebering_ecumenical_altar_sacrificial, serial_bayou_lake_a

Action                   || total
-------------------------++-------
Melee: Hand axe          ||    19
 Abil: Spit Poison       ||     4
Armor: Leather armour    ||    12
Dodge: Dodged            ||     8

Table legend: (Time is in decaauts)
 A = Elapsed time spent in this place.
 B = Non-inter-level travel time spent in this place.
 C = Inter-level travel time spent in this place.
 D = Time resting spent in this place.
 E = Time spent auto-exploring this place.
 F = Levels seen in this place.
 G = Mean time per level.
                   A        B        C        D        E       F      G
               +--------+--------+--------+--------+--------+-----+--------+
         Total |    351 |    351 |      0 |      0 |      0 |   1 |  351.0 |
       Dungeon |    351 |    351 |      0 |      0 |      0 |   1 |  351.0 |
               +--------+--------+--------+--------+--------+-----+--------+

Top non-repeatable levels by time:
     D:1: 351 daAuts
